 Dungeon Crawl Stone Soup version 0.30.0-3-ga4e48a9924 (webtiles) character file.

Game seed: 15856315417365727523

344 Exaltedone87 the Ducker (level 6, -16/47 HPs)
             Began as a Demonspawn Gladiator on May 7, 2023.
             Was an Initiate of Gozag.
             Demolished by an ogre
             ... wielding a +0 giant spiked club
              (21 damage)
             ... on level 4 of the Dungeon.
             The game lasted 00:05:44 (2566 turns).

Exaltedone87 the Ducker (Demonspawn Gladiator)      Turns: 2566, Time: 00:05:45

Health: -16/47     AC: 14    Str: 16    XL:     6   Next: 31%
Magic:  6/6        EV:  8    Int:  9    God:    Gozag
Gold:   198        SH:  0    Dex: 18    Spells: 5/5 levels left

rFire   + . .        g - +10 dagger of Beogh's Generosity {flame, rF+ Dex+3}
rCold   . . .        (no shield)
rNeg    . . .        f - +0 shadow dragon scales
rPois   .            (helmet restricted)
rElec   .            l - +0 cloak
rCorr   .            (no gloves)
SInv    .            n - +0 pair of boots
Will    .....        q - amulet of the acrobat
Stlth   +++          i - +4 ring of slaying
HPRegen 0.27/turn    (no ring)
MPRegen 0.10/turn

%: acrobat
@: no status effects
A: antennae 1, weakness stinger 1
a: Renounce Religion, Potion Petition, Call Merchant, Bribe Branch


You were on level 4 of the Dungeon.
You worshipped Gozag.
Gozag was aware of your devotion.
You visited 1 branch of the dungeon, and saw 4 of its levels.

You collected 253 gold pieces.
You paid 55 gold pieces to Gozag.

Inventory:

Hand Weapons
 a - a +1 war axe
 g - the +10 dagger of Beogh's Generosity (weapon) {flame, rF+ Dex+3}
   (You found it on level 2 of the Dungeon)

   Dex:       It affects your dexterity (+3).
   rF:        It protects you from fire.
Missiles
 d - 3 throwing nets (quivered)
 e - a javelin
Armour
 c - a +0 helmet
 f - +0 shadow dragon scales (worn)
 l - a +0 cloak (worn)
 n - a +0 pair of boots (worn)
Jewellery
 i - a +4 ring of slaying (left hand)
 q - an amulet of the acrobat (around neck)
Scrolls
 b - a scroll of identify
 k - a scroll of fog {unknown}
 r - a scroll of teleportation
Potions
 h - a potion of ambrosia {unknown}
 j - 2 potions of invisibility {unknown}
 m - a potion of flight {unknown}
 o - a potion of heal wounds {unknown}
 p - a potion of mutation {unknown}


   Skills:
 + Level 3.2 Fighting
 * Level 2.4 Short Blades
 - Level 3.5 Axes
 - Level 1.7 Throwing
 + Level 2.2 Armour
 + Level 3.6 Dodging
 + Level 1.5 Stealth


You had 5 spell levels left.
You didn't know any spells.
Your spell library contained the following spells:

 Spells                   Type           Power      Damage    Failure   Level
 Magic Dart               Conj           0%         1d3       100%        1
 Blink                    Tloc           0%         N/A       100%        2
 Lesser Beckoning         Tloc           0%         N/A       100%        2
 Momentum Strike          Conj/Tloc      0%         3d8       100%        2
 Searing Ray              Conj           0%         2d4       100%        2
 Fulminant Prism          Conj/Hex       0%         3d5       100%        4


Dungeon Overview and Level Annotations

Branches:
Dungeon (4/15)
 Temple: D:4-7

Altars:
Gozag
Uskayaw


Innate Abilities, Weirdness & Mutations

You have a pair of small antennae on your head.
You have a small tail.


Message History

The hound barks!
The hound misses you.
You puncture the hound! You burn the hound.
The hound is severely wounded.
The hound barely misses you.
You hit the hound. You burn the hound.
The hound is almost dead.
The hound bites you but does no damage. x2
You barely miss the hound.
The hound is almost dead.
The adder bites you but does no damage. The hound bites you but does no damage.
You miss the hound. You tail-slap the hound.
You kill the hound!
The adder bites you but does no damage.
You barely miss the adder. You tail-slap the adder.
The adder is moderately wounded.
The adder bites you but does no damage. The adder barely misses you.
You hit the adder. You burn the adder.
The adder is heavily wounded.
The adder misses you.
You closely miss the adder. You tail-slap the adder.
You kill the adder!
You now have 191 gold pieces (gained 7).
You now have 198 gold pieces (gained 7).
Found a stone staircase leading up.
An ogre comes into view. It is wielding a +0 giant spiked club.
The ogre completely misses you.
The ogre hits you with a +0 giant spiked club!!
You hit the ogre. You burn the ogre.
The ogre is lightly wounded.
You puncture the ogre! You burn the ogre.
The ogre is severely wounded.
The ogre hits you with a +0 giant spiked club!!
Ouch! That really hurt!
* * * LOW HITPOINT WARNING * * *
You closely miss the ogre. You tail-slap the ogre!
The ogre is almost dead.
The ogre hits you with a +0 giant spiked club!!
You die...
Your body crumbles into a pile of gold.

###.....##.....#
##.............##
.#..##..........## ##
.#..#............#
..##
.......#.#.##....# ...
......####..#....#..##
...... #.....###...#
...... ###.........#
...#.. #.....@....#
..#### #.....O...##
### #...#....<## .
##..#.....#
#....$.#..#
.....###..# ........
.... ....##.. .....
.... .. ...


You could see an ogre.

Vanquished Creatures
  2 orc priests (D:4)
  2 hounds (D:4)
  Crazy Yiuf (D:3)
  Jessica (D:3)
  Natasha (D:4)
  An iguana (D:4)
  4 adders
  3 worms
  2 dart slugs
  4 orcs
  6 endoplasms
  10 goblins
  8 hobgoblins
  3 quokkas
  9 ball pythons
  3 bats
  A frilled lizard (D:1)
  10 kobolds
  6 rats
77 creatures vanquished.

Notes
Turn   | Place    | Note
-------+----------+-------------------------------------------
     0 | D:1      | Exaltedone87 the Demonspawn Gladiator began the quest for
                  | the Orb.
     0 | D:1      | Reached XP level 1. HP: 16/16 MP: 1/1
   247 | D:1      | Discovered your monstrous ancestry.
   247 | D:1      | Gained mutation: You have a small tail. [demonic ancestry]
   247 | D:1      | Reached XP level 2. HP: 22/22 MP: 2/2
   755 | D:1      | Found a faded altar of an unknown god.
   840 | D:2      | Reached XP level 3. HP: 20/28 MP: 3/3
   847 | D:2      | Reached skill level 1 in Armour
  1057 | D:2      | Reached XP level 4. HP: 34/34 MP: 4/4
  1124 | D:2      | Identified the +10 dagger of Beogh's Generosity {flame, rF+
                  | Dex+3}
  1322 | D:3      | Found a hide-covered altar of Uskayaw.
  1364 | D:3      | Found a runed translucent door.
  1365 | D:3      | Noticed Crazy Yiuf
  1462 | D:3      | Noticed Jessica
  1465 | D:3      | Killed Jessica
  2215 | D:3      | Killed Crazy Yiuf
  2216 | D:3      | Reached skill level 1 in Short Blades
  2216 | D:3      | Gained mutation: You have a pair of small antennae on your
                  | head. [demonic ancestry]
  2216 | D:3      | Reached XP level 5. HP: 40/40 MP: 5/5
  2308 | D:4      | Reached skill level 1 in Stealth
  2367 | D:4      | Found an opulent altar of Gozag.
  2430 | D:4      | Became a worshipper of Gozag Ym Sagoz the Greedy
  2444 | D:4      | Noticed Natasha
  2448 | D:4      | Killed Natasha
  2449 | D:4      | Reached XP level 6. HP: 40/47 MP: 6/6
  2566 | D:4      | Demolished by an ogre

Illustrated notes

Levels and vault maps discovered:
D:1:      dpeg_arrival_radiant, layout_basic, hellmonk_ecumenical_altar_run_dry,
          corexii_item_surrounded_by_moat
D:2:      layout_rooms, serial_bayou_ford_a
D:3:      minmay_evil_eye, layout_loops_corners, grunt_temple_overflow_open,
          uniq_jessica, uniq_crazy_yiuf_cottage
D:4:      layout_cave_pools, grunt_temple_overflow_gold_and_silver,
          marbit_many_paths, uniq_natasha

Skill      XL: |  1  2  3  4  5 |
---------------+----------------+-----
Axes           | 3 |  3.5
Dodging        | 3 |  3.6
Armour         | 1 2 |  2.2
Short Blades   | 1 2 |  2.4
Stealth        | 1 |  1.5
Fighting       | 3 |  3.2
Throwing       | |  1.7

Action                     |  1- 3 |  4- 6 || total
---------------------------+-------+-------++-------
  Melee: War axe           |    81 |     5 ||    86
         Tailslap          |     6 |     9 ||    15
         Dagger            |       |    67 ||    67
    Use: Scroll            |     4 |     1 ||     5
   Stab: Sleeping          |     2 |    11 ||    13
 Armour: Leather armour    |    30 |       ||    30
         Shadow dragon sca |     5 |    21 ||    26
  Dodge: Dodged            |    60 |    28 ||    88
